 Dungeon Crawl Stone Soup version 0.31-a0-214-gb37851dbb3 (webtiles) character file.

Game seed: 17001055508306815065

364 qw the Shooter (level 6, -6/42 (52) HPs)
             Began as a Minotaur Hexslinger on July 1, 2023.
             Mangled by Edmund
             ... wielding a +2 dire flail of draining
              (10 damage)
             ... on level 4 of the Dungeon.
             The game lasted 00:01:12 (2135 turns).

qw the Shooter (Minotaur Hexslinger)                Turns: 2135, Time: 00:01:12

HP:   -6/42 (52)    AC:  3    Str: 12    XL:     6   Next: 39%
MP:   6/6           EV: 12    Int: 10    God:
Gold: 220           SH:  0    Dex: 15    Spells: 6/7 levels left

rFire   . . .        Y - +2 sling
rCold   + . .        (no shield)
rNeg    . . .        j - +0 leather armour {rC+}
rPois   .            (helmet restricted)
rElec   .            (no cloak)
rCorr   .            (no gloves)
SInv    .            (no boots)
Will    .....        (no amulet)
Stlth   +            (no ring)
HPRegen 0.27/turn    (no ring)
MPRegen 0.10/turn

%: no passive effects
@: about to teleport, heavily drained
A: horns 2, retaliatory headbutt
a: no special abilities


You were on level 4 of the Dungeon.
You visited 1 branch of the dungeon, and saw 4 of its levels.

You collected 220 gold pieces.


Innate Abilities, Weirdness & Mutations

You have a pair of horns on your head.
You reflexively headbutt those who attack you in melee.


   Skills:
 - Level 4.2 Fighting
 + Level 6.5 Ranged Weapons
 - Level 2.1 Dodging
 - Level 1.0 Spellcasting
 - Level 2.0 Hexes


You had 6 spell levels left.
You knew the following spells:

 Your Spells              Type           Power      Damage    Failure   Level
a - Slow                  Hex            16%        N/A       19%         1

Your spell library contained the following spells:

 Spells                   Type           Power      Damage    Failure   Level
 Inner Flame              Hex/Fire       2%         N/A       65%         3
 Portal Projectile        Hex/Tloc       4%         N/A       65%         3
 Cause Fear               Hex            2%         N/A       88%         4

Inventory:

Hand Weapons
 Y - a +2 sling (weapon)
Armour
 j - a +0 leather armour of cold resistance (worn)
 k - a +0 ring mail
Scrolls
 a - a scroll of brand weapon {unknown}
 g - a scroll of identify
Potions
 d - a potion of mutation
 f - a potion of berserk rage {unknown}
 h - a potion of curing {unknown}
 i - a potion of ambrosia {unknown}

Dungeon Overview and Level Annotations

Branches:
Dungeon (4/15)
 Temple: D:4-7

Altars:
Gozag
Nemelex Xobeh
Vehumet
Yredelemnul

Annotations:
D:4 Edmund


Message History

Edmund hits you with a +2 dire flail of draining!
You feel drained.
You shoot a sling bullet.
The sling bullet completely misses Edmund.
Edmund barely misses you.
You shoot a sling bullet. The sling bullet barely misses Edmund.
Edmund barely misses you.
Edmund hits you with a +2 dire flail of draining!
You feel drained.
You shoot a sling bullet. The sling bullet closely misses Edmund.
Edmund hits you with a +2 dire flail of draining.
You feel drained.
You shoot a sling bullet. The sling bullet hits Edmund.
Edmund is moderately wounded.
Edmund barely misses you. You furiously retaliate!
You headbutt Edmund. You shoot a sling bullet.
The sling bullet closely misses Edmund.
Edmund hits you with a +2 dire flail of draining.
You feel drained.
You shoot a sling bullet. The sling bullet hits Edmund.
Edmund is heavily wounded.
Edmund closely misses you. You furiously retaliate!
You headbutt Edmund! You shoot a sling bullet.
The sling bullet closely misses Edmund.
Edmund completely misses you.
You shoot a sling bullet. The sling bullet hits Edmund.
Edmund is severely wounded.
Edmund hits you with a +2 dire flail of draining.
You feel drained.
You shoot a sling bullet. The sling bullet barely misses Edmund.
Edmund hits you with a +2 dire flail of draining.
You feel drained.
You shoot a sling bullet. The sling bullet barely misses Edmund.
Edmund hits you with a +2 dire flail of draining!
You feel drained.
Edmund says, "People think my brother is the best.
I think he's crazy."
Edmund barely misses you.
2135 ||| READING scroll of teleportation.
As you read the scroll of teleportation, it crumbles to dust.
You feel strangely unstable.
Edmund hits you with a +2 dire flail of draining!
You die...

#.###.#..#.##.####.#.
#.# #.##.#.........#
#.# #.##..##...#####
#.# #.###. #.....#
#.###.# #. ##.##.#
#.##..###.7#7.7#.#
#................#
####..####7.7.7..#
......<..##.#.#.@#
######?.....7.7#@#
.......#.##... ..$
###....#.# ......
#....# # ....7.7
#....# .(......
#....# .#.##.7.7.
#....# #.#. #.. ...
#....#


You could see Edmund.

Vanquished Creatures
  A vampire bat (D:3)
  2 orc priests (D:3)
  An iguana (D:4)
  An orc wizard (D:3)
  7 adders
  A worm (D:3)
  2 dart slugs
  3 fire bats (D:3)
  6 orcs (D:3)
  2 spectral bats (D:3)
  3 ball pythons
  12 bats
  3 bat skeletons (D:3)
  4 endoplasms
  9 goblins
  4 hobgoblins
  7 kobolds
  A bat simulacrum (D:3)
  8 frilled lizards
  6 rats
83 creatures vanquished.

Vanquished Creatures (others)
  A bat zombie (D:3)
1 creature vanquished.

Grand Total: 84 creatures vanquished

Notes
Turn   | Place    | Note
-------+----------+-------------------------------------------
     0 | D:1      | qw the Minotaur Hexslinger began the quest for the Orb.
     0 | D:1      | Reached XP level 1. HP: 16/16 MP: 1/1
     0 | D:1      | 0 ||| qw: Version: 0.3-a-32-g5962c71
     0 | D:1      | 0 ||| qw: Game counter: 7502
     0 | D:1      | 0 ||| qw: Melee chars always use a shield: true
     0 | D:1      | 0 ||| qw: God list: Okawaru
     0 | D:1      | 0 ||| qw: Allow faded altars: false
     0 | D:1      | 0 ||| qw: Do Orc after clearing Dungeon:15 true
     0 | D:1      | 0 ||| qw: Do second Lair branch before Depths: true
     0 | D:1      | 0 ||| qw: Lair rune preference: random
     0 | D:1      | 0 ||| qw: Goals: Normal
     0 | D:1      | 0 ||| PLANNING D:1-11
   265 | D:1      | Found a faded altar of an unknown god.
   284 | D:1      | Reached skill level 3 in Ranged Weapons
   308 | D:1      | Reached XP level 2. HP: 23/23 MP: 2/2
   436 | D:1      | 436 ||| READING scroll labelled TUX KITWISUGO.
   439 | D:1      | 439 ||| READING 2 scrolls labelled KUFRIUSMUY.
   440 | D:1      | 440 ||| READING scroll labelled FOLANI IGANIE.
   541 | D:1      | 541 ||| READING scroll labelled WONISI WEWALO.
   542 | D:1      | 542 ||| DROPPING scroll of poison.
   665 | D:2      | Reached XP level 3. HP: 30/30 MP: 3/3
   888 | D:2      | 888 ||| FLEEEEING.
   889 | D:2      | 889 ||| FLEEEEING.
   890 | D:2      | 890 ||| FLEEEEING.
   891 | D:2      | 891 ||| FLEEEEING.
   892 | D:2      | 892 ||| FLEEEEING.
   893 | D:2      | 893 ||| FLEEEEING.
   894 | D:2      | 894 ||| FLEEEEING.
   895 | D:2      | 895 ||| FLEEEEING.
   896 | D:2      | 896 ||| FLEEEEING.
  1054 | D:2      | 1054 ||| UPGRADING to +0 leather armour.
  1064 | D:2      | 1064 ||| DROPPING +0 robe.
  1065 | D:2      | 1065 ||| READING scroll labelled DAGESAWKY.
  1121 | D:2      | 1121 ||| READING scroll labelled PAIKKI DATRARGH.
  1122 | D:2      | 1122 ||| READING scroll labelled IJUENWIMPO.
  1123 | D:2      | 1123 ||| DRINKING 3 yellow potions.
  1140 | D:3      | 1140 ||| STAIRDANCE
  1146 | D:2      | Reached skill level 4 in Ranged Weapons
  1163 | D:3      | 1163 ||| STAIRDANCE
  1168 | D:2      | Reached XP level 4. HP: 26/37 MP: 4/4
  1338 | D:3      | Reached skill level 5 in Ranged Weapons
  1362 | D:3      | Reached skill level 3 in Fighting
  1362 | D:3      | Reached XP level 5. HP: 45/45 MP: 5/5
  1516 | D:3      | Reached skill level 6 in Ranged Weapons
  1518 | D:3      | HP: 3/45 [orc priest/divine providence (11)]
  1519 | D:3      | 1519 ||| READING scroll of teleportation.
  1520 | D:3      | 1520 ||| DRINKING 2 potions of heal wounds.
  1521 | D:3      | 1521 ||| DRINKING potion of heal wounds.
  1524 | D:3      | 1524 ||| FLEEEEING.
  1669 | D:3      | Reached XP level 6. HP: 51/51 MP: 6/6
  1723 | D:3      | Found a basalt altar of Yredelemnul.
  1724 | D:3      | Found an opulent altar of Gozag.
  1727 | D:3      | Found a sparkling altar of Nemelex Xobeh.
  1735 | D:3      | Found a radiant altar of Vehumet.
  1945 | D:3      | 1945 ||| UPGRADING to +0 leather armour of cold resistance.
  1955 | D:3      | 1955 ||| DROPPING +0 leather armour.
  1956 | D:3      | 1956 ||| READING scroll labelled SEC DAZESCHU.
  1957 | D:3      | 1957 ||| READING scroll labelled KUBBU WAAKHIE.
  1958 | D:3      | 1958 ||| READING scroll labelled SIXKY BYWNE.
  1959 | D:3      | 1959 ||| READING 2 scrolls of identify.
  1959 | D:3      | 1959 ||| IDENTIFYING smoky cyan potion
  2119 | D:4      | Noticed Edmund
  2134 | D:4      | HP: 8/44 [Edmund/+2 dire flail of draining (8)]
  2135 | D:4      | 2135 ||| READING scroll of teleportation.
  2135 | D:4      | Mangled by Edmund

Levels and vault maps discovered:
D:1:      mrwooster_arrival_statue_3, layout_rooms,
          shapermc_ecumenical_altar_mp_vishouse, chequers_serial_rivers_small_a
D:2:      layout_basic, minmay_misc_feat_iff, chequers_garden,
          minmay_split_cup_large
D:3:      cheibrodos_pilgrimage, layout_rooms, grunt_temple_overflow_open,
          mrwooster_statue_mirror, st_stairs_6, goddamned_bats
D:4:      layout_basic, serial_forest, infiniplex_forest_lined_room_2,
          infiniplex_forest_straight_4, infiniplex_forest_lined_corner,
          infiniplex_forest_clump_tiny, infiniplex_forest_clump_small,
          infiniplex_forest_clump_tiny, infiniplex_forest_clump_curved,
          infiniplex_forest_lined_corner, uniq_edmund, uniq_ijyb, uniq_natasha

Skill      XL: |  1  2  3  4  5  6 |
---------------+-------------------+-----
Ranged Weapons | 3 4 5 6 |  6.5
Fighting       | 2 3 4 |  4.2
Dodging        | |  2.1
Spellcasting   | |  1.0
Hexes          | |  2.0

Action                     |  1- 3 |  4- 6 || total
---------------------------+-------+-------++-------
   Fire: Sling             |    96 |   168 ||   264
    Use: Scroll            |     7 |     6 ||    13
         Potion            |     1 |     2 ||     3
 Armour: Robe              |     8 |       ||     8
         Leather armour    |     6 |    33 ||    39
  Dodge: Dodged            |    35 |    91 ||   126

Table legend:
 A = Non-vault XP
 B = Vault XP
 C = Vault XP percentage of total XP
 D = Non-vault monster count
 E = Vault monster count
 F = Vault count percentage of total count
                 A         B        C        D         E       F
            +---------+---------+-------+---------+---------+-------
      Total |     236 |     285 |  54.7 |      53 |      31 |  36.9
            +---------+---------+-------+---------+---------+-------
        D:1 |      16 |       0 |   0.0 |      10 |       0 |   0.0
        D:2 |      80 |       7 |   8.0 |      22 |       4 |  15.4
        D:3 |     101 |     278 |  73.4 |      19 |      27 |  58.7
        D:4 |      39 |       0 |   0.0 |       2 |       0 |   0.0
            +---------+---------+-------+---------+---------+-------
